 Dungeon Crawl Stone Soup version 0.24.0-1-gfbc8707 (webtiles) character file.

Game seed: 17509316732549569260, levelgen mode: deterministic

5962 Firecrotchwizard the Carver (level 10, -5/136 HPs)
             Began as a Minotaur Berserker on Nov 5, 2019.
             Was a High Priest of Trog.
             Slain by an eight-headed hydra (6 damage)
             ... on level 10 of the Dungeon.
             The game lasted 00:13:51 (8977 turns).

Firecrotchwizard the Carver (Minotaur Berserker)    Turns: 8977, Time: 00:13:51

Health: -5/136     AC:  8    Str: 35    XL:     10   Next: 54%
Magic:  9/9        EV: 15    Int:  5    God:    Trog [*****.]
Gold:   385        SH:  0    Dex: 11    Spells: 9/9 levels left

rFire    . . .     SeeInvis +   C - +1 scimitar (holy)
rCold    . . .     Gourm    .   (no shield)
rNeg     . . .     Faith    .   A - +0 ring mail of Yredelemnul's Fury {Str+7}
rPois    .         Spirit   .   (helmet restricted)
rElec    .         Reflect  .   (no cloak)
rCorr    .         Harm     .   e - +0 pair of gloves
MR       .....                  (no boots)
Stlth    ..........             q - amulet of the acrobat
HPRegen  0.32/turn              d - ring of stealth {Stlth+}
MPRegen  0.11/turn              t - ring of see invisible {sInv, !d}

@: berserking, very quick
A: retaliatory headbutt, horns 2
a: Berserk, Trog's Hand, Brothers in Arms, Renounce Religion


You were on level 10 of the Dungeon.
You worshipped Trog.
Trog was extremely pleased with you.
You were hungry.

You visited 1 branch of the dungeon, and saw 10 of its levels.

You collected 580 gold pieces.
You spent 195 gold pieces at shops.

Inventory:

Hand Weapons
 a - a +0 falchion
 B - a +0 long sword
   (You found it on level 6 of the Dungeon)
 C - a +1 scimitar of holy wrath (weapon)
   (You took it off an orc warrior on level 6 of the Dungeon)
Missiles
 I - a throwing net {=f, !d}
Armour
 b - a +0 animal skin
 e - a +0 pair of gloves (worn)
   (You found it on level 1 of the Dungeon)
 h - a +0 leather armour
   (You found it on level 1 of the Dungeon)
 k - a +0 scale mail
   (You found it on level 1 of the Dungeon)
 x - a +0 chain mail
   (You took it off an orc on level 5 of the Dungeon)
 A - the +0 ring mail of Yredelemnul's Fury (worn) {Str+7}
   (You found it on level 6 of the Dungeon)

   It affects your strength (+7).
Jewellery
 d - a ring of stealth (left hand) {Stlth+}
   (You found it on level 4 of the Dungeon)
 j - an uncursed ring of flight {+Fly, !d}
   (You found it on level 1 of the Dungeon)
 q - an amulet of the acrobat (around neck)
   (You took it off a kobold on level 2 of the Dungeon)
 t - a ring of see invisible (right hand) {sInv, !d}
   (You found it on level 3 of the Dungeon)
Wands
 i - a wand of paralysis (5)
   (You found it on level 5 of the Dungeon)
 u - a wand of iceblast (8)
   (You found it on level 3 of the Dungeon)
 w - a wand of polymorph (17)
   (You found it on level 4 of the Dungeon)
 H - a wand of acid (3)
   (You found it on level 7 of the Dungeon)
Scrolls
 g - 7 scrolls of identify
 m - 3 scrolls of teleportation
 n - 4 scrolls of magic mapping {!r}
 s - 2 scrolls of remove curse
 y - a scroll of fear {unknown}
 G - a scroll of brand weapon {unknown}
Potions
 f - a potion of agility {unknown}
 l - 4 potions of curing
 o - 4 potions of heal wounds
 p - a potion of flight {unknown}
 r - a potion of ambrosia {unknown}
 v - a potion of berserk rage {unknown}
 z - 2 potions of haste {unknown}
 D - 2 potions of magic {unknown}
 F - a potion of cancellation {unknown}
 J - a potion of might
Comestibles
 c - 17 rations
 E - a chunk of flesh {@w0}


   Skills:
 + Level 9.2 Fighting
 * Level 12.3 Long Blades
 + Level 8.9 Armour
 + Level 8.1 Dodging


You had 9 spell levels left.
You didn't know any spells.
Your spell library was empty.

Dungeon Overview and Level Annotations

Branches:
Dungeon (10/15)            Temple (0/1) D:5
   Lair: D:8-11         Orc: D:9-12

Altars:
Ashenzari
Cheibriados
Fedhas
Gozag
Kikubaaqudgha
Okawaru
Qazlal
Sif Muna
Trog
Xom
Yredelemnul
Zin
The Shining One

Shops:
D:8 !

Annotations:
D:3 2 runed translucent doors, Zdeegee's ghost, amateur TrAs
D:8 3 runed translucent doors, Snack's ghost, novice DgEn


Innate Abilities, Weirdness & Mutations

You reflexively headbutt those who attack you in melee.
You have a pair of horns on your head.


Message History

No target in view!
You open the door.
There is an open door here.
You open the door.
There is an open door here.
You open the door.
There is an open door here.
c - 17 rations (gained 1) Eating one of 6 chunks of flesh {@w0}.
You eat one of the 6 chunks of flesh {@w0}.
There is an open door here.
Some of the chunks of flesh in your inventory have rotted away.
Done exploring.
Done exploring.
(D) Dungeon (T) Temple
Where to? (Enter - D:9, ? - help) Some of the chunks of flesh in your inventory have rotted away.
Some of the chunks of flesh in your inventory have rotted away.
There is a stone staircase leading down here.
You climb downwards.
There is a stone staircase leading up here.
A jelly and a worker ant come into view.
The worker ant twitches its antennae in your direction.
A scorpion comes into view.
Unknown command.
The worker ant completely misses you.
You hit the worker ant. You headbutt the worker ant!
The worker ant bites you but does no damage.
You slash the worker ant!
You kill the worker ant!
Trog accepts your kill.
A four-headed hydra comes into view.
The four-headed hydra roars!
The four-headed hydra closely misses you.
You riposte.
The jelly quivers.
You slash the four-headed hydra!
The four-headed hydra completely misses you.
The four-headed hydra barely misses you.
The four-headed hydra completely misses you.
The jelly completely misses you.
You lop one of the four-headed hydra's heads off!
The three-headed hydra grows two more!
You slash the five-headed hydra! You headbutt the five-headed hydra!
The jelly hits you but does no damage.
The five-headed hydra barely misses you.
The five-headed hydra bites you!
The five-headed hydra barely misses you.
The five-headed hydra closely misses you.
The five-headed hydra bites you but does no damage.
You take 9 damage, and have 82/91 hp.
You slice one of the five-headed hydra's heads off!
The four-headed hydra grows two more!
You slash the six-headed hydra! You headbutt the six-headed hydra!
The jelly hits you but does no damage. The six-headed hydra barely misses you.
The six-headed hydra bites you! The six-headed hydra misses you.
The six-headed hydra closely misses you.
The six-headed hydra misses you.
The six-headed hydra closely misses you.
You take 13 damage, and have 69/91 hp.
You barely miss the six-headed hydra. You headbutt the six-headed hydra.
You slice one of the six-headed hydra's heads off!
The five-headed hydra grows two more!
You slash the seven-headed hydra!
The seven-headed hydra closely misses you.
You furiously retaliate!
You headbutt the seven-headed hydra.
You riposte.
You hit the seven-headed hydra.
The seven-headed hydra closely misses you.
The seven-headed hydra bites you!
The seven-headed hydra bites you but does no damage.
The seven-headed hydra bites you. The seven-headed hydra bites you! x2
The jelly hits you but does no damage.
You take 35 damage, and have 34/91 hp.
MASSIVE DAMAGE!!
A red film seems to cover your vision as you go berserk!
You feel yourself moving faster!
You feel mighty!
You are feeling hungry.
The seven-headed hydra misses you. The seven-headed hydra bites you!
The seven-headed hydra bites you.
* * * LOW HITPOINT WARNING * * *
The seven-headed hydra closely misses you.
The seven-headed hydra bites you.
* * * LOW HITPOINT WARNING * * *
The seven-headed hydra bites you!
* * * LOW HITPOINT WARNING * * *
The seven-headed hydra misses you. The jelly hits you but does no damage.
You now have 25/136 hp.
You hack one of the seven-headed hydra's heads off!
The six-headed hydra grows two more!
You slash the eight-headed hydra! The scorpion completely misses you.
The jelly barely misses you.
The eight-headed hydra barely misses you.
The eight-headed hydra bites you.
* * * LOW HITPOINT WARNING * * *
The eight-headed hydra closely misses you.
The eight-headed hydra bites you!
* * * LOW HITPOINT WARNING * * *
The eight-headed hydra bites you!
* * * LOW HITPOINT WARNING * * *
The eight-headed hydra bites you but does no damage.
The eight-headed hydra closely misses you.
The eight-headed hydra bites you.
You die...

# #.# #.#
###.###.########.#
..............##.#
######..#####.##.#
.s......# #.##.#
....#...# #...<#
..#.#...######...#
.................#
...##.s@.......#...
....[.JD............
...###....###..#......
.. +....# #..#...... .
#..... ...#.#####
....... #....###
......


You could see an eight-headed hydra, a scorpion and a jelly.

Vanquished Creatures
  A centaur warrior (D:8)
  A merfolk (D:9)
  Grinder (D:3)
  Prince Ribbit (D:8)
  4 yaks (D:9)
  A hungry ghost (D:7)
  Duvessa (D:7)
  3 orc warriors
  A phantom (D:9)
  5 sky beasts
  A black bear (D:7)
  5 ice beasts
  A necrophage (D:7)
  An ogre (D:8)
  2 centaurs
  2 big kobolds (D:8)
  3 bullfrogs
  A gnoll sergeant (D:7)
  A scorpion (D:9)
  Dowan (D:7)
  3 howler monkeys (D:7)
  A crimson imp (D:6)
  5 orc priests
  2 quasits
  5 hounds
  A jelly (D:8)
  3 centaur zombies
  A centaur skeleton (D:4)
  11 orc wizards
  3 bullfrog skeletons
  3 iguanas
  7 worker ants
  A hound zombie (D:7)
  2 hound skeletons
  18 gnolls
  A worker ant zombie (D:5)
  7 adders
  2 shadow imps
  2 oozes
  2 worms
  3 dart slugs (D:1)
  4 leopard geckos
  46 orcs
  A ball python (D:3)
  7 bats
  6 giant cockroaches
  12 goblins
  7 hobgoblins
  26 kobolds
  4 quokkas
  3 frilled lizards
  A giant cockroach zombie (D:6)
  A jackal skeleton (D:8)
  A leopard gecko skeleton (D:6)
  A quokka zombie (D:5)
  11 rats
251 creatures vanquished.

Notes
Turn   | Place    | Note
-------+----------+-------------------------------------------
     0 | D:1      | Firecrotchwizard the Minotaur Berserker began the quest for
                  | the Orb.
     0 | D:1      | Reached XP level 1. HP: 19/19 MP: 0/0
    55 | D:1      | Reached XP level 2. HP: 27/27 MP: 1/1
    67 | D:1      | Reached skill level 4 in Long Blades
   329 | D:1      | Reached XP level 3. HP: 33/33 MP: 2/2
   344 | D:1      | Reached skill level 4 in Fighting
   502 | D:1      | Reached skill level 3 in Armour
   524 | D:1      | Reached ** piety under Trog
  1150 | D:2      | Reached XP level 4. HP: 40/40 MP: 3/3
  1194 | D:2      | Found a stormy altar of Qazlal.
  1217 | D:2      | Found an iron altar of Okawaru.
  1339 | D:3      | Reached skill level 3 in Dodging
  1442 | D:3      | Found a runed translucent door.
  1442 | D:3      | Noticed a bullfrog
  1445 | D:3      | Noticed Zdeegee's ghost (amateur TrAs)
  1600 | D:3      | Reached skill level 5 in Long Blades
  1714 | D:3      | Reached XP level 5. HP: 18/47 MP: 4/4
  1875 | D:3      | Found a runed translucent door.
  1935 | D:3      | Noticed Grinder
  1948 | D:3      | Killed Grinder
  1948 | D:3      | Reached skill level 5 in Fighting
  1948 | D:3      | Reached skill level 6 in Long Blades
  1948 | D:3      | Reached skill level 4 in Armour
  1948 | D:3      | Reached XP level 6. HP: 56/56 MP: 5/5
  1953 | D:3      | Reached skill level 4 in Dodging
  2525 | D:4      | Reached *** piety under Trog
  2702 | D:4      | Reached XP level 7. HP: 61/61 MP: 6/6
  3229 | D:4      | Reached skill level 7 in Long Blades
  3591 | D:5      | Entered Level 5 of the Dungeon
  3599 | D:5      | Reached skill level 5 in Armour
  3803 | D:5      | Found a snail-covered altar of Cheibriados.
  3803 | D:5      | Found an opulent altar of Gozag.
  3808 | D:5      | Found a shattered altar of Ashenzari.
  3808 | D:5      | Found a glowing silver altar of Zin.
  3808 | D:5      | Found a shimmering altar of Xom.
  3810 | D:5      | Found a blossoming altar of Fedhas.
  3810 | D:5      | Found a shimmering blue altar of Sif Muna.
  3811 | D:5      | Found a basalt altar of Yredelemnul.
  3905 | D:5      | Found a staircase to the Ecumenical Temple.
  4037 | D:5      | Found an ancient bone altar of Kikubaaqudgha.
  4117 | D:5      | Reached skill level 6 in Fighting
  4316 | D:5      | Found a glowing golden altar of the Shining One.
  4334 | D:6      | Reached skill level 8 in Long Blades
  4334 | D:6      | Reached skill level 5 in Dodging
  4334 | D:6      | Reached XP level 8. HP: 70/70 MP: 7/7
  4380 | D:6      | Got a polished ring mail
  4442 | D:6      | Found a shimmering altar of Xom.
  4465 | D:6      | Found a shimmering altar of Xom.
  4682 | D:6      | Found a shimmering altar of Xom.
  4682 | D:6      | Found a shimmering altar of Xom.
  4719 | D:6      | HP: 17/71 [orc warrior/+1 scimitar of holy wrath (13)]
  4724 | D:6      | Reached **** piety under Trog
  4724 | D:6      | Reached skill level 6 in Armour
  5006 | D:6      | Identified the +0 ring mail of Yredelemnul's Fury {Str+7}
                  | (You found it on level 6 of the Dungeon)
  5061 | D:6      | Reached skill level 9 in Long Blades
  5493 | D:6      | Found a shimmering altar of Xom.
  5583 | D:7      | Reached skill level 7 in Fighting
  5719 | D:7      | Reached skill level 6 in Dodging
  5802 | D:7      | Reached XP level 9. HP: 61/79 MP: 8/8
  5986 | D:7      | Reached skill level 10 in Long Blades
  5986 | D:7      | Reached skill level 7 in Armour
  6248 | D:7      | Noticed Dowan
  6249 | D:7      | Noticed Duvessa
  6258 | D:7      | Killed Dowan
  6267 | D:7      | Killed Duvessa
  6617 | D:7      | Reached skill level 8 in Fighting
  6930 | D:8      | Found a bloodstained altar of Trog.
  7026 | D:8      | Reached ***** piety under Trog
  7039 | D:8      | Noticed Prince Ribbit
  7050 | D:8      | Killed Prince Ribbit
  7050 | D:8      | Reached skill level 11 in Long Blades
  7050 | D:8      | Reached skill level 7 in Dodging
  7499 | D:8      | Found a runed translucent gate.
  7499 | D:8      | Found a runed translucent gate.
  7501 | D:8      | Found a runed translucent gate.
  7526 | D:8      | Noticed a centaur warrior
  7538 | D:8      | Reached skill level 8 in Armour
  7543 | D:8      | Killed a centaur warrior
  7543 | D:8      | Reached XP level 10. HP: 58/90 MP: 9/9
  7671 | D:8      | Found Qalis's Distillery.
  7680 | D:8      | Bought a potion of curing for 39 gold pieces
  7680 | D:8      | Bought a potion of might for 52 gold pieces
  7680 | D:8      | Bought a potion of curing for 39 gold pieces
  7680 | D:8      | Bought a potion of heal wounds for 65 gold pieces
  7681 | D:8      | Noticed Snack's ghost (novice DgEn)
  8122 | D:9      | Reached skill level 9 in Fighting
  8125 | D:9      | Reached skill level 12 in Long Blades
  8414 | D:9      | Reached skill level 8 in Dodging
  8954 | D:10     | Entered Level 10 of the Dungeon
  8968 | D:10     | Noticed a four-headed hydra
  8976 | D:10     | HP: 25/136 [seven-headed hydra (10)]
  8977 | D:10     | HP: 12/136 [eight-headed hydra (10)]
  8977 | D:10     | HP: 1/136 [eight-headed hydra (11)]
  8977 | D:10     | Slain by an eight-headed hydra

Levels and vault maps discovered:
D:1:      mrwooster_arrival_statue_2, layout_basic
D:2:      layout_basic, overflow_temple_1_default, grunt_qazlal_sundering
D:3:      layout_basic, ebering_ghost_sewer_f, uniq_grinder
D:4:      layout_cave_pods, first_ration
D:5:      layout_cave_pools, kiku_gazebo_garden_becter, kennysheep_mini_moat,
          grunt_temple_overflow_open, temple_pool_b
D:6:      layout_cave_pods, xom_redecorated
D:7:      minmay_thinvault, layout_basic, grunt_ministairs_9, uniq_duvessa
D:8:      layout_gridville, nicolae_overflow_crystal_walls, serial_shops, shop,
          gammafunk_ghost_split, uniq_prince_ribbit1
D:9:      layout_loops_corners, hangedman_fish_farm
D:10:     layout_basic

Skill      XL: |  1  2  3  4  5  6  7  8  9 10 |
---------------+-------------------------------+-----
Long Blades    | 4 5 6 8 9 11 12 | 12.3
Fighting       | 4 5 6 7 8 9 |  9.2
Armour         | 3 4 5 6 8 |  8.9
Dodging        | 3 4 5 6 7 8 |  8.1

Action                   |  1- 3 |  4- 6 |  7- 9 | 10-12 || total
-------------------------+-------+-------+-------+-------++-------
Melee: Falchion          |    68 |   101 |   143 |       ||   312
       Headbutt          |    14 |    23 |    73 |    29 ||   139
       Scimitar          |       |       |   173 |    94 ||   267
Invok: Berserk           |       |     2 |     2 |     1 ||     5
       Trog's Hand       |       |     2 |     2 |       ||     4
  Use: Scroll            |       |     3 |     3 |     1 ||     7
 Stab: Sleeping          |       |       |     2 |     1 ||     3
  Eat: Chunk             |     1 |     7 |    19 |     5 ||    32
Armor: Animal skin       |     3 |       |       |       ||     3
       Leather armour    |     1 |       |       |       ||     1
       Scale mail        |    20 |    37 |    26 |       ||    83
       Chain mail        |       |       |    31 |       ||    31
       Ring mail         |       |       |    62 |    27 ||    89
Dodge: Dodged            |    53 |    77 |   225 |    83 ||   438
       Rpst.: Falchion   |    12 |    17 |    22 |       ||    51
       Scimitar          |       |       |    28 |    10 ||    38

Levels and vault maps discovered:
D:1:      mrwooster_arrival_statue_2, layout_basic
D:2:      layout_basic, overflow_temple_1_default, grunt_qazlal_sundering
D:3:      layout_basic, ebering_ghost_sewer_f, uniq_grinder
D:4:      layout_cave_pods, first_ration
D:5:      layout_cave_pools, kiku_gazebo_garden_becter, kennysheep_mini_moat,
          grunt_temple_overflow_open, temple_pool_b
D:6:      layout_cave_pods, xom_redecorated
D:7:      minmay_thinvault, layout_basic, grunt_ministairs_9, uniq_duvessa
D:8:      layout_gridville, nicolae_overflow_crystal_walls, serial_shops, shop,
          gammafunk_ghost_split, uniq_prince_ribbit1
D:9:      layout_loops_corners, hangedman_fish_farm
D:10:     layout_basic

Table legend:
 A = Turns spent in this place as a percentage of turns spent in the entire game.
 B = Non-inter-level travel turns spent in this place as a percentage of non-inter-level travel turns spent in the entire game.
 C = Inter-level travel turns spent in this place as a percentage of turns spent in this place.
 D = Turns resting spent in this place as a percentage of non-inter-level travel turns spent in this place.
 E = Turns spent auto-exploring this place as a percentage of non-inter-level travel turns spent in this place.
 F = Non-inter-level travel turns spent in this place divided by the number of levels of this place that you've seen.
                   A       B       C       D       E      F
               +-------+-------+-------+-------+-------+----------------------
         Total | 100.0 | 100.0 |   3.8 |  27.4 |  56.6 | 863.6
       Dungeon | 100.0 | 100.0 |   3.8 |  27.4 |  56.6 | 863.6
               +-------+-------+-------+-------+-------+----------------------

Table legend:
 A = Kills in this place as a percentage of kills in entire the game.
 B = Kills by you in this place as a percentage of kills by you in the entire game.
 C = Kills by friends in this place as a percentage of kills by friends in the entire game.
 D = Other kills in this place as a percentage of other kills in the entire game.
 E = Experience gained in this place as a percentage of experience gained in the entire game.
 F = Experience gained in this place divided by the number of levels of this place that you have seen.
                   A       B       C       D       E      F
               +-------+-------+-------+-------+-------+----------------------
         Total | 100.0 | 100.0 |   N/A |   N/A | 100.0 | 851.8
       Dungeon | 100.0 | 100.0 |   N/A |   N/A | 100.0 | 851.8
               +-------+-------+-------+-------+-------+----------------------
